 Dungeon Crawl Stone Soup version 0.24.0-28-g17ded55e90 (webtiles) character file.

Game seed: 16210567686071241447, levelgen mode: deterministic

2172 Emblim88 the Ruffian (level 9, 0/88 HPs)
             Began as a Troll Monk on Nov 11, 2019.
             Was a Priest of Qazlal.
             Slain by an orc warrior
             ... wielding a +0 halberd
              (27 damage)
             ... on level 7 of the Dungeon.
             The game lasted 00:15:38 (5965 turns).

Emblim88 the Ruffian (Troll Monk)                   Turns: 5965, Time: 00:15:38

Health: 0/88       AC:  6    Str: 23    XL:     9   Next: 11%
Magic:  11/11      EV: 12    Int: 16    God:    Qazlal [***...]
Gold:   270        SH:  4    Dex: 12    Spells: 8/8 levels left

rFire    x . .     SeeInvis .     - Unarmed
rCold    + . .     Gourm    +   (no shield)
rNeg     . . .     Faith    .   a - +0 robe
rPois    .         Spirit   .   g - +0 hat
rElec    .         Reflect  .   (no cloak)
rCorr    .         Harm     .   (gloves unavailable)
MR       .....                  (boots unavailable)
Stlth    +.........             i - amulet of rage
HPRegen  0.64/turn              E - +4 ring of intelligence
MPRegen  0.12/turn              A - ring of ice

@: brilliant
A: large, unfitting armour, claws 3, fast metabolism 3, gourmand, regeneration
1, shaggy fur 1, tough skin 3
a: Upheaval, Elemental Force, Renounce Religion, Evoke Berserk Rage


You were on level 7 of the Dungeon.
You worshipped Qazlal.
Qazlal was most pleased with you.
You were not hungry.

You visited 2 branches of the dungeon, and saw 8 of its levels.

You collected 270 gold pieces.

Inventory:

Hand Weapons
 o - a +0 shortbow
Missiles
 f - 157 stones (quivered)
 p - 95 arrows
 t - 44 poisoned darts
Armour
 a - a +0 robe (worn)
 g - a +0 hat (worn)
Jewellery
 i - an amulet of rage (around neck)
 y - an uncursed ring of flight
 A - a ring of ice (right claw)
 E - a +4 ring of intelligence (left claw)
Wands
 x - a wand of acid (12)
 D - a wand of flame (14)
 F - a wand of enslavement (11)
Scrolls
 c - a scroll of blinking
 d - a scroll of amnesia
 e - 2 scrolls of fog
 h - 3 scrolls of immolation
 q - a scroll of fear
 r - 2 scrolls of enchant weapon
 u - 4 scrolls of remove curse
 v - 2 scrolls of teleportation
 B - a scroll of enchant armour
 H - a scroll of random uselessness
Potions
 j - a potion of degeneration {unknown}
 k - a potion of invisibility {unknown}
 l - 2 potions of brilliance
 m - 6 potions of curing
 n - a potion of berserk rage
 s - a potion of cancellation {unknown}
 w - 4 potions of heal wounds
 z - a potion of agility {unknown}
 C - a potion of haste
 I - a potion of lignification {unknown}
Comestibles
 b - 9 rations


   Skills:
 + Level 5.5 Fighting
 + Level 4.6 Dodging
 - Level 1.0 Stealth
 * Level 7.5 Unarmed Combat
 * Level 4.2 Invocations
 + Level 2.5 Evocations


You had 8 spell levels left.
You didn't know any spells.
Your spell library was empty.

Dungeon Overview and Level Annotations

Branches:
Dungeon (7/15)             Temple (1/1) D:5

Altars:
Ashenzari
Cheibriados
Dithmenos
Elyvilon
Fedhas
Gozag
Hepliaklqana
Kikubaaqudgha
Nemelex Xobeh
Okawaru
Qazlal
Ru
Sif Muna
Trog
Uskayaw
Vehumet
Wu Jian
Xom
Yredelemnul
Zin
The Shining One

Shops:
D:5 :

Annotations:
D:4 exclusion: statue


Innate Abilities, Weirdness & Mutations

You are too large for most types of armour.
You have claws for hands.
Your metabolism is lightning-fast.
You like to eat raw meat.
Your natural rate of healing is unusually fast.
You are covered in fur. (AC +1)
You have extremely tough skin. (AC +3)


Message History

The silver boomerang completely misses you.
The weapon returns to the orc warrior!
Found a shimmering altar of Xom.
You see here 27 sling bullets.
You feel yourself slow down.
The orc warrior throws a silver boomerang.
You block the silver boomerang.
The weapon returns to the orc warrior!
The orc warrior throws a silver boomerang.
The silver boomerang hits you!
The weapon returns to the orc warrior!
You see here 27 sling bullets.
The orc warrior hits you from afar with a +0 halberd!!
You are too injured to fight recklessly!
You are too injured to fight recklessly!
You are too injured to fight recklessly!
You scratch the orc warrior but do no damage.
The orc warrior hits you with a +0 halberd!!
* * * LOW HITPOINT WARNING * * *
You closely miss the orc warrior.
The orc warrior hits you with a +0 halberd!!
You die...

# .# ## .##S##
_≈# ....o
≈.##...# ♣##...
....# #).# #
##.o#####.#
##...@.(.S.#
#.###..#########
#.......#
#..##$[)###
##........#
#..#...#.###
#..#...#.#..
#.$.........
##.#.###.#..


You could see an orc warrior and an adder.

Vanquished Creatures
  A slime creature (D:5)
  An orc warrior (D:6)
  2 ice beasts (D:6)
  A black bear (D:6)
  2 centaurs
  3 big kobolds (D:5)
  A scorpion (D:6)
  3 wights (D:6)
  A crimson imp (D:6)
  3 hounds
  5 jellies (D:5)
  6 orc priests
  2 bullfrog skeletons
  A gnoll shaman (D:5)
  Natasha (twice) (D:2)
  An iguana (D:5)
  3 orc wizards
  5 worker ants
  2 hound zombies (D:5)
  4 adders
  3 gnolls (D:5)
  3 howler monkey skeletons
  5 oozes
  An adder skeleton (D:5)
  2 worms (D:2)
  A dart slug (D:3)
  4 leopard geckos
  18 orcs
  4 giant cockroaches
  7 goblins
  9 hobgoblins
  4 jackals
  3 quokkas
  9 bats
  2 frilled lizards (D:2)
  6 kobolds
  A quokka skeleton (D:4)
  2 quokka zombies (D:6)
  11 rats
144 creatures vanquished.

Vanquished Creatures (others)
  10 toadstools (D:5)
10 creatures vanquished.

Grand Total: 154 creatures vanquished

Notes
Turn   | Place    | Note
-------+----------+-------------------------------------------
     0 | D:1      | Emblim88 the Troll Monk began the quest for the Orb.
     0 | D:1      | Reached XP level 1. HP: 22/22 MP: 0/0
   218 | D:1      | Reached XP level 2. HP: 29/29 MP: 1/1
   713 | D:2      | Noticed a centaur
   720 | D:2      | Killed a centaur
   720 | D:2      | Reached skill level 4 in Unarmed Combat
   720 | D:2      | Reached XP level 3. HP: 34/37 MP: 2/2
   720 | D:2      | Reached XP level 4. HP: 41/45 MP: 3/3
  1109 | D:2      | Noticed Natasha
  1112 | D:2      | Killed Natasha
  1169 | D:2      | Reached XP level 5. HP: 52/53 MP: 4/4
  1612 | D:2      | Noticed Natasha
  1621 | D:2      | Killed Natasha
  2150 | D:3      | Found a hazy altar of Hepliaklqana.
  2489 | D:4      | Found a blossoming altar of Fedhas.
  2546 | D:4      | Reached XP level 6. HP: 61/62 MP: 5/5
  2772 | D:4      | Found a radiant altar of Vehumet.
  2813 | D:4      | Found a white marble altar of Elyvilon.
  3027 | D:4      | Reached skill level 5 in Unarmed Combat
  3358 | D:5      | Entered Level 5 of the Dungeon
  3421 | D:5      | Found Likibb's Book Shop.
  3500 | D:5      | Found a white marble altar of Elyvilon.
  3500 | D:5      | Found a sacrificial altar of Ru.
  3645 | D:5      | Found an iron altar of Okawaru.
  3748 | D:5      | Found a glowing golden altar of the Shining One.
  3784 | D:5      | Reached XP level 7. HP: 71/71 MP: 6/6
  3942 | D:5      | Found a sparkling altar of Nemelex Xobeh.
  4032 | D:5      | Found a staircase to the Ecumenical Temple.
  4060 | Temple   | Entered the Ecumenical Temple
  4248 | Temple   | Became a worshipper of Qazlal Stormbringer
  4248 | Temple   | Reached * piety under Qazlal
  4248 | Temple   | Reached ** piety under Qazlal
  4595 | D:5      | Reached skill level 1 in Invocations
  4595 | D:5      | Reached skill level 1 in Evocations
  4602 | D:5      | Reached skill level 6 in Unarmed Combat
  4662 | D:5      | Noticed a slime creature
  4677 | D:5      | Killed a slime creature
  4677 | D:5      | Reached skill level 5 in Fighting
  4677 | D:5      | Reached XP level 8. HP: 30/80 MP: 8/8
  5182 | D:6      | Reached skill level 7 in Unarmed Combat
  5256 | D:6      | Reached *** piety under Qazlal
  5502 | D:6      | Reached XP level 9. HP: 88/88 MP: 11/11
  5559 | D:6      | Found an iron altar of Okawaru.
  5954 | D:7      | Found a shimmering altar of Xom.
  5965 | D:7      | Slain by an orc warrior

Levels and vault maps discovered:
D:1:      dpeg_arrival_arbitrary_c, layout_loops_ring
D:2:      kennysheep_six_static_rooms, layout_loops_corners, uniq_natasha
D:3:      layout_loops_cross, lemuel_round_altar
D:4:      layout_basic, fedhas_altar_2, vehumet_statue,
          hangedman_decor_opposing, elyvilon_altar_5
D:5:      cheibrodos_fertilizer, layout_basic, nicolae_tso_swordbearing_angel,
          nemelex_xobeh_ov_fountains_minmay, kennysheep_little_box,
          gammafunk_temple_overflow_wave, temple_green, first_ration,
          serial_shops, shop
D:6:      layout_loops_ring, basic_altar, abandoned_shop
D:7:      layout_loops_cross, xom_redecorated
Temple:   nicolae_temple_figure_eight

Skill      XL: |  1  2  3  4  5  6  7  8 |
---------------+-------------------------+-----
Fighting       | 3 4 5 |  5.5
Unarmed Combat | 4 5 6 7 |  7.5
Dodging        | 3 4 |  4.6
Invocations    | 2 4 |  4.2
Evocations     | 1 2 |  2.5
Stealth        | |  1.0

Action                   |  1- 3 |  4- 6 |  7- 9 || total
-------------------------+-------+-------+-------++-------
Melee: Unarmed           |    45 |   154 |   224 ||   423
       Punch             |     2 |     7 |     7 ||    16
 Abil: Evoke Berserk Rag |       |     1 |       ||     1
Evoke: Wand              |       |       |     4 ||     4
  Use: Scroll            |       |     5 |     6 ||    11
       Potion            |       |     1 |     2 ||     3
 Stab: Sleeping          |     2 |     5 |       ||     7
  Eat: Chunk             |     4 |    26 |    10 ||    40
       Ration            |     1 |       |     3 ||     4
Armor: Robe              |    18 |    56 |    46 ||   120
Dodge: Dodged            |    15 |    58 |    78 ||   151
Block: Other             |       |       |    16 ||    16
